 Dungeon Crawl Stone Soup version 0.26-a0-971-g1d9d62bb61 (webtiles) character file.

Game seed: 10657727117207579536

34 sahdkjhfkaj the Vexing (level 3, -2/24 HPs)
             Began as a Vampire Enchanter on Dec 4, 2020.
             Slain by an ice beast (12 damage)
             ... on level 2 of the Dungeon.
             The game lasted 00:03:49 (1014 turns).

sahdkjhfkaj the Vexing (Vampire Enchanter)          Turns: 1014, Time: 00:03:50

Health: -2/24      AC:  3    Str:  7    XL:     3   Next: 14%
Magic:  6/6        EV: 12    Int: 18    God:
Gold:   21         SH:  0    Dex: 14    Spells: 4/6 levels left

rFire    . . .     SeeInvis +   a - +1 dagger
rCold    . . .     Faith    .   (no shield)
rNeg     . . .     Spirit   .   b - +0 robe
rPois    .         Reflect  .   (no helmet)
rElec    .         Harm     .   (no cloak)
rCorr    .         Rampage  .   e - +0 pair of gloves
MR       .....                  (no boots)
Stlth    +++.......             (no amulet)
HPRegen  0.28/turn              (no ring)
MPRegen  0.10/turn              (no ring)

@: regenerating quickly
A: fangs 3, see invisible, unbreathing
a: Exsanguinate


You were on level 2 of the Dungeon.
You visited 1 branch of the dungeon, and saw 2 of its levels.

You collected 21 gold pieces.

Inventory:

Hand Weapons
 a - a +1 dagger (weapon)
Missiles
 g - a throwing net {!f}
Armour
 b - a +0 robe (worn)
 e - a +0 pair of gloves (worn)
   (You found it on level 1 of the Dungeon)
Scrolls
 c - a scroll of amnesia
 d - 2 scrolls of identify {@r1}
 h - a scroll of enchant armour
Potions
 f - a potion of curing {@q1}


   Skills:
 - Level 1.1 Short Blades
 - Level 2.1 Dodging
 - Level 4.4 Stealth
 - Level 2.0 Spellcasting
 + Level 6.3 Hexes


You had 4 spell levels left.
You knew the following spells:

 Your Spells              Type           Power        Failure   Level
a - Ensorcelled Hibernat  Hex/Ice        ##....       8%          2

Your spell library contained the following spells:

 Spells                   Type           Power        Failure   Level
 Corona                   Hex            ###....      1%          1
 Confusing Touch          Hex            ###.....     4%          3
 Tukima's Dance           Hex            ###.....     4%          3
 Dazzling Flash           Conj/Hex       ##....       14%         3


Dungeon Overview and Level Annotations

Branches:
Dungeon (2/15)

Altars:


Innate Abilities, Weirdness & Mutations

Your natural rate of healing is unusually fast.
You have razor-sharp teeth.
You have supernaturally acute eyesight. (SInv)
You can survive without breathing.


Message History

There is a stone staircase leading up here.
You climb upwards.
There is a stone staircase leading down here.
Adjust (i)tems, (s)pells, or (a)bilities?
Adjust which spell? x - Ensorcelled Hibernation Adjust to which letter? a - Ensorcelled Hibernation; x - Corona Forget Corona, freeing 1 spell level for a total of 4?
Your memory of Corona unravels.
Done exploring.
Done exploring.
Done exploring.
Done exploring.
You see here a +0 club.
There is a stone staircase leading down here.
You climb downwards.
A leopard gecko and a rat come into view.
Found a silvery potion.
Found an escape hatch in the floor and an escape hatch in the ceiling.
Found a stone staircase leading up and a stone staircase leading down.
There is a stone staircase leading up here.
The leopard gecko hisses angrily.
You climb upwards.
There is a stone staircase leading down here.
You climb downwards.
An ice beast comes into view.
The leopard gecko bites you.
There is a stone staircase leading up here.
There are monsters nearby!
There are monsters nearby!
You hit the leopard gecko. The leopard gecko bites you.
The leopard gecko bites you but does no damage.
You hit the leopard gecko but do no damage.
The leopard gecko closely misses you.
You miss the leopard gecko. The leopard gecko bites you.
The rat bites you but does no damage.
You closely miss the leopard gecko. The leopard gecko barely misses you.
The rat barely misses you.
You hit the leopard gecko. The leopard gecko bites you.
The rat bites you but does no damage.
You hit the leopard gecko but do no damage.
The leopard gecko barely misses you. The rat bites you but does no damage.
The leopard gecko bites you but does no damage.
The ice beast hits you.
* * * LOW HITPOINT WARNING * * *
The ice beast freezes you!
Ouch! That really hurt!
You die...

#..........#
...........
##>.........
#..........#
#.<........#
#..........#
#...rY....>#
#...@......#
##!..l....##
##.....<##
########


You could see an ice beast, a leopard gecko and a rat.

Vanquished Creatures
  An ooze (D:1)
  A dart slug (D:1)
  A leopard gecko (D:1)
  3 bats (D:1)
  A giant cockroach (D:1)
  2 goblins (D:1)
  3 hobgoblins (D:1)
  3 frilled lizards (D:1)
  6 kobolds (D:1)
  6 rats (D:1)
27 creatures vanquished.

Vanquished Creatures (others)
  4 toadstools (D:1)
4 creatures vanquished.

Grand Total: 31 creatures vanquished

Notes
Turn   | Place    | Note
-------+----------+-------------------------------------------
     0 | D:1      | sahdkjhfkaj the Vampire Enchanter began the quest for the
                  | Orb.
     0 | D:1      | Reached XP level 1. HP: 13/13 MP: 3/3
    67 | D:1      | Reached skill level 5 in Hexes
   107 | D:1      | Reached XP level 2. HP: 10/19 MP: 5/5
   110 | D:1      | Learned a level 2 spell: Ensorcelled Hibernation
   483 | D:1      | Reached skill level 6 in Hexes
   564 | D:1      | Reached XP level 3. HP: 24/24 MP: 6/6
  1007 | D:2      | Noticed an ice beast
  1014 | D:2      | Slain by an ice beast

Illustrated notes

Levels and vault maps discovered:
D:1:      ldierk_water_garden, layout_loops_ring, corexii_leaking_fountain,
          st_stairs_9, hangedman_abyss_or_decor_lesser_grid, minivault_23
D:2:      layout_rooms, lemuel_doored_altar, uniq_terence

Skill      XL: |  1  2 |
---------------+-------+-----
Hexes          | 5 6 |  6.3
Short Blades   | |  1.1
Dodging        | |  2.1
Stealth        | |  4.4
Spellcasting   | |  2.0

Action                   || total
-------------------------++-------
Melee: Dagger            ||   123
       Bite              ||     7
 Cast: Ensorcelled Hiber ||     7
  Use: Scroll            ||     4
 Stab: Sleeping          ||     7
Armor: Robe              ||    30
Dodge: Dodged            ||    86

Table legend: (Time is in decaauts)
 A = Elapsed time spent in this place.
 B = Non-inter-level travel time spent in this place.
 C = Inter-level travel time spent in this place.
 D = Time resting spent in this place.
 E = Time spent auto-exploring this place.
 F = Levels seen in this place.
 G = Mean time per level.
                   A        B        C        D        E       F      G
               +--------+--------+--------+--------+--------+-----+--------+
         Total |   1015 |    968 |     47 |     48 |    628 |   2 |  507.5 |
       Dungeon |   1015 |    968 |     47 |     48 |    628 |   2 |  507.5 |
               +--------+--------+--------+--------+--------+-----+--------+

Top non-repeatable levels by time:
     D:1: 1003 daAuts
     D:2: 11 daAuts
